 Dungeon Crawl Stone Soup version 0.25-a0-290-g4a1327ee3a (webtiles) character file.

Game seed: 10355264808722834016, levelgen mode: deterministic

226 1312 the Skirmisher (level 5, 0/46 HPs)
             Began as a Demonspawn Gladiator on Dec 14, 2019.
             Slain by Sigmund
             ... wielding a +4 scythe of holy wrath
              (15 damage)
             ... on level 4 of the Dungeon.
             The game lasted 00:08:50 (2306 turns).

1312 the Skirmisher (Demonspawn Gladiator)          Turns: 2306, Time: 00:08:51

Health: 0/46       AC:  9    Str: 15    XL:     5   Next: 69%
Magic:  5/5        EV:  7    Int:  9    God:
Gold:   154        SH:  4    Dex: 15    Spells: 4/4 levels left

rFire    . . .     SeeInvis .   a - +0 long sword
rCold    . . .     Gourm    .   (no shield)
rNeg     . . .     Faith    .   u - +0 chain mail
rPois    .         Spirit   .   c - +0 helmet
rElec    .         Reflect  .   (no cloak)
rCorr    .         Harm     .   (no gloves)
MR       .....                  (no boots)
Stlth    ..........             (no amulet)
HPRegen  0.15/turn              (no ring)
MPRegen  0.09/turn              (no ring)

@: no status effects
A: large bone plates 1, powered by death 1
a: no special abilities


You were on level 4 of the Dungeon.
You were hungry.

You visited 1 branch of the dungeon, and saw 4 of its levels.

You collected 154 gold pieces.

Inventory:

Hand Weapons
 a - a +0 long sword (weapon)
Missiles
 d - 3 throwing nets (quivered)
Armour
 b - a +0 leather armour
 c - a +0 helmet (worn)
 u - a +0 chain mail (worn)
Jewellery
 h - an uncursed ring of fire {unknown}
 l - an uncursed amulet of harm {unknown}
 o - an uncursed ring of magical power {unknown}
Scrolls
 e - 2 scrolls of remove curse {unknown}
 g - a scroll of identify {unknown}
 i - 2 scrolls of enchant armour {unknown}
 k - 2 scrolls of enchant weapon {unknown}
 m - a scroll of magic mapping {unknown}
 n - a scroll of fog {unknown}
 p - a scroll of noise {unknown}
 t - 2 scrolls of fear {unknown}
Potions
 j - a potion of heal wounds
 q - a potion of curing {unknown}
 r - a potion of lignification {unknown}
 s - a potion of resistance {unknown}
 v - a potion of mutation {unknown}
 w - a potion of flight {unknown}
Comestibles
 f - 6 rations


   Skills:
 + Level 5.7 Fighting
 - Level 3.2 Long Blades
 - Level 1.7 Throwing
 - Level 2.6 Dodging


You had 4 spell levels left.
You didn't know any spells.
Your spell library was empty.

Dungeon Overview and Level Annotations

Branches:
Dungeon (4/15)
 Temple: D:4-7

Altars:
Fedhas
Vehumet

Annotations:
D:3 1 runed translucent door, Crazy Yiuf
D:4 Sigmund


Innate Abilities, Weirdness & Mutations

You are partially covered in large bone plates. (SH +4)
You regenerate a little health from kills.


Message History

Sigmund points at you and mumbles some strange words.
The magic dart hits you. Sigmund hits you but does no damage.
Your chain mail prevents you from hitting Sigmund.
Sigmund is severely wounded.
You barely miss Sigmund.
Sigmund is severely wounded.
Sigmund gestures at you while chanting. The puff of flame hits you!
You closely miss Sigmund.
Sigmund is severely wounded.
The orc wizard casts a spell.
The orc wizard flickers and vanishes!
Deactivating autopickup; reactivate with Ctrl-A.
Sigmund hits you with a +4 scythe of holy wrath.
You convulse.
You hit Sigmund.
Sigmund is almost dead.
Sigmund hits you with a +4 scythe of holy wrath!
You convulse!
You die...

..## ### #..
...#.## #
.####.#<.# .##.
.........# .....
......#.##......
......o{........
#..##.#@##......
#. ...#@# .....
# +#. #.# ....
.. #.# ... ho
#.# ..


h.h #.# . #.# ..# ### You could see Sigmund and an orc.

Vanquished Creatures
  Jessica (D:3)
  Terence (D:2)
  Natasha (thrice) (D:2)
  4 adders (D:2)
  3 dart slugs
  A leopard gecko (D:1)
  An orc (D:3)
  9 bats
  3 giant cockroaches
  6 goblins
  6 hobgoblins
  2 jackals (D:1)
  2 ball pythons
  4 frilled lizards
  8 kobolds
  8 rats
62 creatures vanquished.

Notes
Turn   | Place    | Note
-------+----------+-------------------------------------------
     0 | D:1      | 1312 the Demonspawn Gladiator began the quest for the Orb.
     0 | D:1      | Reached XP level 1. HP: 16/16 MP: 1/1
   196 | D:1      | Gained mutation: You are partially covered in large bone
                  | plates. (SH +4) [demonic ancestry]
   196 | D:1      | Reached XP level 2. HP: 13/22 MP: 2/2
   424 | D:1      | Reached XP level 3. HP: 25/28 MP: 3/3
   427 | D:1      | Reached skill level 3 in Fighting
   746 | D:2      | Found a radiant altar of Vehumet.
   860 | D:2      | Reached XP level 4. HP: 35/37 MP: 4/4
   875 | D:2      | Found a blossoming altar of Fedhas.
   881 | D:2      | Noticed Natasha
   897 | D:2      | Killed Natasha
   897 | D:2      | Reached skill level 4 in Fighting
  1118 | D:2      | Noticed Natasha
  1130 | D:2      | Killed Natasha
  1372 | D:2      | Noticed Natasha
  1380 | D:2      | Killed Natasha
  1380 | D:2      | Gained mutation: You regenerate a little health from kills.
                  | [demonic ancestry]
  1380 | D:2      | Reached XP level 5. HP: 29/43 MP: 5/5
  1522 | D:2      | Reached skill level 5 in Fighting
  1543 | D:2      | Noticed Terence
  1552 | D:2      | Killed Terence
  2036 | D:3      | Found a runed translucent door.
  2037 | D:3      | Noticed Crazy Yiuf
  2106 | D:3      | Noticed Jessica
  2119 | D:3      | Killed Jessica
  2284 | D:4      | Noticed Sigmund
  2306 | D:4      | Slain by Sigmund

Levels and vault maps discovered:
D:1:      mainiacjoe_arrival_reflecting_pool, layout_rooms,
          serial_park_tiny_pond, dk_noncrumbling_2
D:2:      layout_loops_ring, lemuel_doored_altar, minivault_11,
          fedhas_ov_isle_minmay, uniq_natasha, uniq_terence
D:3:      layout_basic, first_ration, uniq_crazy_yiuf_cottage, uniq_jessica
D:4:      layout_basic, kennysheep_mini, lemuel_blue_sif_altar, uniq_edmund,
          uniq_sigmund

Skill      XL: |  1  2  3  4  5 |
---------------+----------------+-----
Long Blades    | 3 |  3.2
Fighting       | 3 4 5 |  5.7
Throwing       | |  1.7
Dodging        | |  2.6

Action                   |  1- 3 |  4- 6 || total
-------------------------+-------+-------++-------
Melee: Long sword        |    99 |    92 ||   191
 Stab: Sleeping          |       |     1 ||     1
  Eat: Chunk             |       |     4 ||     4
Armor: Leather armour    |    38 |     7 ||    45
       Chain mail        |       |    17 ||    17
Dodge: Dodged            |    90 |    43 ||   133
Block: Other             |    14 |    16 ||    30
       Rpst.: Long sword |    22 |    17 ||    39

Table legend:
 A = Non-vault XP
 B = Vault XP
 C = Vault XP percentage of total XP
 D = Non-vault monster count
 E = Vault monster count
 F = Vault count percentage of total count
                 A         B        C        D         E       F
            +---------+---------+-------+---------+---------+-------
      Total |     215 |     108 |  33.4 |      59 |       3 |   4.8
            +---------+---------+-------+---------+---------+-------
        D:1 |      56 |       0 |   0.0 |      33 |       0 |   0.0
        D:2 |     142 |      71 |  33.3 |      14 |       2 |  12.5
        D:3 |      15 |      37 |  71.2 |      11 |       1 |   8.3
        D:4 |       2 |       0 |   0.0 |       1 |       0 |   0.0
            +---------+---------+-------+---------+---------+-------
